 Dungeon Crawl Stone Soup version 0.21-a0-264-g3e31e41 (webtiles) character file.

3126 tilp the Cleaver (level 9, 0/62 HPs)
             Began as a Hill Orc Fire Elementalist on Sept 8, 2017.
             Was a Follower of Vehumet.
             Slain by a komodo dragon (20 damage)
             ... on level 8 of the Dungeon.
             The game lasted 00:41:00 (11052 turns).

tilp the Cleaver (Hill Orc Fire Elementalist)      Turns: 11052, Time: 00:41:01

Health: 0/62       AC:  8    Str: 11    XL:     9   Next: 92%
Magic:  14/17      EV: 11    Int: 18    God:    Vehumet [*.....]
Gold:   327        SH:  0    Dex: 11    Spells: 8/19 levels left

rFire    . . .     SeeInvis .   e - +3 war axe
rCold    . . .     Gourm    .   (no shield)
rNeg     . . .     Faith    .   I - +1 leather armour {rPois}
rPois    +         Spirit   .   F - +0 helmet
rElec    .         Reflect  .   u - +2 cloak
rCorr    .         Harm     .   (no gloves)
MR       .....                  (no boots)
Stlth    +.........             (no amulet)
HPRegen  0.20/turn              (no ring)
MPRegen  0.15/turn              (no ring)

@: no status effects
A: no striking features
a: Renounce Religion


You were on level 8 of the Dungeon.
You worshipped Vehumet.
Vehumet was aware of your devotion.
You were not hungry.

You visited 2 branches of the dungeon, and saw 9 of its levels.

You collected 327 gold pieces.

Inventory:

Hand Weapons
 a - the +1 long sword "Sigelur" {flame, *Slow Str+2 SInv}
   (You found it on level 4 of the Dungeon)

   It has been specially enchanted to burn those struck by it, causing extra
   injury to most foes and up to half again as much damage against particularly
   susceptible opponents.
   Big, fiery blades are also staple armaments of hydra-hunters.
   It affects your strength (+2).
   It lets you see invisible.
   It may slow you when you take damage.
 b - a +0 hunting sling
 e - a +3 war axe (weapon)
 o - a +2 spear of venom
 B - a +2 battleaxe of freezing
 C - a +0 dagger of venom
 H - a +1 falchion of slicing
Missiles
 k - 4 tomahawks
 r - 82 sling bullets (quivered)
Armour
 u - a +2 cloak (worn)
 F - a +0 helmet (worn)
 I - a +1 leather armour of poison resistance (worn)
Jewellery
 j - a cursed ring of teleportation {unknown}
Wands
 D - a wand of disintegration (7/24)
 E - a wand of scattershot (6/9)
 L - a wand of random effects (30/48)
Scrolls
 d - a scroll of remove curse
 f - 2 scrolls of fog
 h - a scroll of noise {unknown}
 l - 2 scrolls of blinking
 m - 2 scrolls of enchant weapon
 v - 5 scrolls of teleportation
 w - a scroll of fear {unknown}
 y - a scroll of recharging {unknown}
 z - a scroll of amnesia {unknown}
 J - 2 scrolls of magic mapping {unknown}
Potions
 g - a potion of heal wounds
 i - 5 potions of lignification
 n - a potion of ambrosia
 q - a potion of brilliance {unknown}
 t - a potion of might
 x - a potion of degeneration {unknown}
 G - 2 potions of curing
Books
 p - a book of Clouds

   Spells                             Type                      Level
   a - Poisonous Vapours              Poison/Air                   2
   b - Mephitic Cloud                 Conjuration/Poison/Air       3
   c - Conjure Flame                  Conjuration/Fire             3
   d - Freezing Cloud                 Conjuration/Ice/Air          6
   e - Ring of Flames                 Charms/Fire                  7
 A - a book of Flames

   Spells                             Type                      Level
   a - Flame Tongue                   Conjuration/Fire             1
   b - Throw Flame                    Conjuration/Fire             2
   c - Conjure Flame                  Conjuration/Fire             3
   d - Inner Flame                    Hexes/Fire                   3
   e - Sticky Flame                   Conjuration/Fire             4
   f - Fireball                       Conjuration/Fire             5
Comestibles
 c - 2 bread rations
 s - 4 fruits
 K - 2 chunks of flesh


   Skills:
 + Level 8.3 Axes
 - Level 1.5 Dodging
 - Level 1.5 Stealth
 + Level 5.5 Spellcasting
 + Level 7.0 Conjurations
 + Level 8.0 Fire Magic


You had 8 spell levels left.
You knew the following spells:

 Your Spells              Type           Power        Failure   Level  Hunger
a - Flame Tongue          Conj/Fire      ####.        1%          1    None
b - Throw Flame           Conj/Fire      ####..       1%          2    #......
c - Conjure Flame         Conj/Fire      ####....     2%          3    ##.....
d - Sticky Flame          Conj/Fire      ####....     8%          4    ####...
e - Sting                 Conj/Pois      ###.         4%          1    None


Dungeon Overview and Level Annotations

Branches:
Dungeon (8/15)             Temple (1/1) D:5
   Lair: D:8-11

Altars:
Ashenzari
Cheibriados
Dithmenos
Elyvilon
Fedhas
Gozag
Hepliaklqana
Kikubaaqudgha
Makhleb
Nemelex Xobeh
Okawaru
Qazlal
Ru
Sif Muna
Trog
Vehumet
Wu Jian
Xom
Yredelemnul
Zin
The Shining One

Shops:
D:7 %

Annotations:
D:3 1 runed door, Ijyb
D:5 exclusions: killer bee and 1 more exclusion, Dowan, Duvessa, Sigmund


Message History

The crimson imp laughs crazily.
You hit the komodo dragon but do no damage.
The komodo dragon is heavily wounded.
You hit the crimson imp.
The komodo dragon burns!
The komodo dragon barely misses you.
The crimson imp blinks!
You barely miss the komodo dragon.
The komodo dragon is heavily wounded.
The komodo dragon burns!
The komodo dragon bites you!! The komodo dragon barely misses you.
You hit the komodo dragon.
The komodo dragon is severely wounded.
The komodo dragon burns!
The komodo dragon barely misses you.
You hit the komodo dragon.
The komodo dragon is severely wounded.
The komodo dragon burns!
The komodo dragon stops burning.
The komodo dragon barely misses you.
You slash the komodo dragon!
The komodo dragon is almost dead.
The crimson imp blinks!
The komodo dragon bites you!!
You die...

#.......# ####.......#
#.....5....# ##.........#
#.. #.....##### ...
#....###..########.# #.##
#....##.......# #
#.##..#.......# #
#@###.#.......# #. #l#
#.........# ##.###
######5####........####
.....
#.....§................
###...
#.####.....#...........
#..... #.#
#..#....#####.....
##.....###.# #...(#...#
#..... ...........#
#.####.#.## #.....
.....##.#######...÷#.#..#
#.....


You could see a komodo dragon and a crimson imp.

Vanquished Creatures
  Prince Ribbit (D:7)
  2 hippogriffs (D:7)
  A hungry ghost (D:7)
  A phantom (D:5)
  3 orc warriors (D:6)
  A sky beast (D:7)
  An ogre (D:8)
  4 centaurs
  6 bullfrogs
  A scorpion (D:7)
  A water moccasin skeleton (D:5)
  8 killer bees
  3 crimson imps
  2 orc priests
  3 orc wizards
  A centaur skeleton (D:6)
  2 jellies
  2 iguanas
  2 worker ants
  A hound skeleton (D:5)
  A hound zombie (D:7)
  3 worker ant zombies
  14 adders
  3 gnolls (D:5)
  An ooze (D:1)
  2 worms (D:2)
  2 dart slugs
  6 leopard geckos
  20 orcs
  A ball python (D:6)
  7 giant cockroaches
  5 hobgoblins
  10 jackals
  5 quokkas
  11 bats
  4 frilled lizards
  8 goblins
  A kobold (D:2)
  4 rats
154 creatures vanquished.

Vanquished Creatures (others)
  A plant (D:8)
1 creature vanquished.

Grand Total: 155 creatures vanquished

Notes
Turn   | Place    | Note
-------+----------+-------------------------------------------
     0 | D:1      | tilp the Hill Orc Fire Elementalist began the quest for the Orb.
     0 | D:1      | Reached XP level 1. HP: 14/14 MP: 3/3
   362 | D:1      | Reached XP level 2. HP: 17/20 MP: 1/4
   812 | D:1      | Learned a level 2 spell: Throw Flame
   964 | D:1      | Reached skill level 1 in Axes
   964 | D:1      | Reached XP level 3. HP: 19/26 MP: 5/5
  1156 | D:1      | Learned a level 3 spell: Conjure Flame
  1870 | D:2      | Reached XP level 4. HP: 23/33 MP: 2/7
  1920 | D:2      | Found a white marble altar of Elyvilon.
  2444 | D:3      | Found a deep blue altar of Sif Muna.
  3119 | D:3      | Reached XP level 5. HP: 24/38 MP: 5/8
  3383 | D:3      | Noticed Ijyb
  4239 | D:3      | Found a runed door.
  4744 | D:4      | Reached XP level 6. HP: 42/45 MP: 6/10
  4819 | D:4      | Found a shattered altar of Ashenzari.
  4843 | D:3      | Found an ancient bone altar of Kikubaaqudgha.
  4900 | D:4      | Got a crude long sword
  4901 | D:4      | Identified the +1 long sword "Sigelur" {flame, *Slow Str+2 SInv} (You found it on level 4 of the Dungeon)
  4961 | D:4      | Found a stormy altar of Qazlal.
  5104 | D:5      | Entered Level 5 of the Dungeon
  5108 | D:5      | Noticed a phantom
  5135 | D:5      | Noticed Sigmund
  5620 | D:5      | Reached skill level 5 in Fire Magic
  5739 | D:5      | Learned a level 4 spell: Sticky Flame
  5942 | D:5      | Found a blossoming altar of Fedhas.
  5943 | D:5      | Noticed Duvessa
  5943 | D:5      | Noticed Dowan
  6313 | D:5      | Reached XP level 7. HP: 49/50 MP: 11/11
  7017 | D:5      | Reached XP level 8. HP: 50/57 MP: 8/13
  7068 | D:5      | Found a staircase to the Ecumenical Temple.
  7165 | D:6      | Reached skill level 5 in Conjurations
  7201 | D:6      | Reached skill level 5 in Axes
  7438 | Temple   | Entered the Ecumenical Temple
  7638 | Temple   | Became a worshipper of Vehumet
  8535 | D:7      | Noticed Prince Ribbit
  8542 | D:7      | Killed Prince Ribbit
  8584 | D:7      | Found a white marble altar of Elyvilon.
  8744 | D:7      | Reached XP level 9. HP: 62/62 MP: 6/15
  9743 | D:7      | Reached skill level 5 in Spellcasting
  9887 | D:7      | Reached * piety under Vehumet
  9887 | D:7      | Offered knowledge of Sting by Vehumet.
  9893 | D:7      | Learned a level 1 spell: Sting
  9979 | D:7      | Found Contofup's Food Emporium.
 10318 | D:7      | Found an iron altar of Okawaru.
 11044 | D:8      | Noticed a komodo dragon
 11052 | D:8      | Slain by a komodo dragon

Vault maps used:
D:1:      dpeg_arrival_lava_temple_mockup
D:2:      old_standard_altar
D:3:      lemuel_upstairs_altar, lemuel_doored_altar, uniq_ijyb,
          uniq_crazy_yiuf_cottage
D:4:      kennysheep_mini, grunt_qazlal_sundering
D:5:      fedhas_altar_1, minmay_temple_entry_from_below_b, first_bread,
          uniq_duvessa, uniq_sigmund
D:6:      roderic_three_in_a_row, minmay_misc_feat_more_columns
D:7:      lemuel_coloured_pillars_altar, serial_shops, shop, elyvilon_altar_5,
          uniq_prince_ribbit1
D:8:      dancing_weapons_uskayaw, david_lair_shrubbed
Temple:   regret_index_temple_generic_petals

Skill      XL: |  1  2  3  4  5  6  7  8  9 |
---------------+----------------------------+-----
Axes           | 1 2 3 4 6 8 |  8.3
Spellcasting   | 2 3 4 5 |  5.5
Conjurations   | 2 3 4 5 7 |  7.0
Fire Magic     | 4 5 6 8 |  8.0
Dodging        | |  1.5
Stealth        | |  1.5

Action                   |  1- 3 |  4- 6 |  7- 9 || total
-------------------------+-------+-------+-------++-------
Melee: Dagger            |    44 |    74 |       ||   118
       Hand axe          |    24 |       |       ||    24
       Long sword        |       |    51 |   114 ||   165
       War axe           |       |     3 |    51 ||    54
 Fire: Hunting sling     |       |    25 |     9 ||    34
Throw: Stone             |    10 |     2 |       ||    12
 Cast: Flame Tongue      |    37 |    69 |   113 ||   219
       Conjure Flame     |       |     2 |     8 ||    10
       Throw Flame       |       |       |    14 ||    14
       Sticky Flame      |       |       |    12 ||    12
  Use: Potion            |       |     2 |     5 ||     7
       Scroll            |       |     4 |     3 ||     7
 Stab: Sleeping          |       |     2 |     1 ||     3
  Eat: Chunk             |     4 |     5 |    11 ||    20
       Royal jelly       |       |     1 |       ||     1
       Meat ration       |       |     1 |     1 ||     2
       Bread ration      |       |     1 |       ||     1
Armor: Robe              |    18 |    27 |     3 ||    48
       Leather armour    |       |       |    89 ||    89
       Skin              |       |       |     4 ||     4
Dodge: Dodged            |    59 |    88 |   167 ||   314
       Rpst.: Long sword |       |    13 |    42 ||    55

Table legend:
 A = Spawn XP
 B = Non-spawn XP
 C = Spawn XP percentage of total XP
 D = Spawn monster count
 E = Non-spawn monster count
 F = Spawn count percentage of total count
 G = Total turns spent on level
                    A         B        C        D         E        F      G
               +---------+---------+-------+---------+---------+-------+---------
         Total |       0 |    4466 |   0.0 |       0 |     154 |   0.0 | 11052
               +---------+---------+-------+---------+---------+-------+---------
           D:1 |       0 |      43 |   0.0 |       0 |      20 |   0.0 |  1133
           D:2 |       0 |      78 |   0.0 |       0 |      21 |   0.0 |  1910
           D:3 |       0 |     152 |   0.0 |       0 |      27 |   0.0 |  1664
           D:4 |       0 |      52 |   0.0 |       0 |       5 |   0.0 |   478
           D:5 |       0 |     714 |   0.0 |       0 |      20 |   0.0 |  1538
           D:6 |       0 |     804 |   0.0 |       0 |      21 |   0.0 |  1161
           D:7 |       0 |    1994 |   0.0 |       0 |      31 |   0.0 |  2270
           D:8 |       0 |     629 |   0.0 |       0 |       9 |   0.0 |   674
               +---------+---------+-------+---------+---------+-------+---------
